AoeStats
← 🅡🅐🅨🅖🅞🅝

Hideout

507497296Analyzed
1v1 RM · 13d ago on Sep 18, 2026· 22m 27s· 2 players
Game mode
Random Map
Map size
Tiny (2 player)
Population
200
Speed
Normal
Resources
Standard
Victory
Conquest
Starting age
Dark Age
Ending age
Imperial Age
RankedLock teamsTeams togetherTeam positionsShared explorationLock speedFull tech treeHidden civsTurbo modeCheats
Victory
Defeat
🇨🇳 Spanish · China
916
+16
🇩🇰 Slavs · Denmark
914
-45
🅡🅐🅨🅖🅞🅝
12:54 Feudal Age
13:19 Horse Collar
13:35 Double-Bit Axe
21:58 Castle Age
stanley
9:59 Feudal Age
13:55 Castle Age
12:45 Double-Bit Axe
13:22 Loom
13:52 Horse Collar
20:22 Town Watch
21:49 Padded Archer Armor
21:40 Fletching
Connection lost

Rejoining the realm…

Still unreachable

The connection could not be restored.

Session expired

The server has moved on; the page needs a fresh start.